 Dungeon Crawl Stone Soup version 0.26-a0-651-gb41185065b (webtiles) character file.

Game seed: 10995531144986355875

15495 Ozzies the Warrior (level 12, -4/87 HPs)
             Began as a Gargoyle Fighter on Oct 7, 2020.
             Was a High Priest of Okawaru.
             Killed by divine providence
             ... invoked by an orc priest
              (13 damage)
             ... on level 11 of the Dungeon.
             The game lasted 00:23:21 (15402 turns).

Ozzies the Warrior (Gargoyle Fighter)              Turns: 15402, Time: 00:23:21

Health: -4/87      AC: 31    Str: 23    XL:     12   Next: 27%
Magic:  12/12      EV: 14    Int: 11    God:    Okawaru [*****.]
Gold:   725        SH: 12    Dex:  9    Spells: 11/11 levels left

rFire    + + .     SeeInvis .   y - +2 flail (protect)
rCold    x . .     Faith    .   c - +1 kite shield
rNeg     + . .     Spirit   .   O - +0 fire dragon scales
rPois    ∞         Reflect  .   u - +1 hat
rElec    +         Harm     .   x - +1 cloak {MR+}
rCorr    .         Rampage  .   D - +0 pair of gloves
MR       ++...                  (no boots)
Stlth    ..........             e - amulet of magic regeneration
HPRegen  0.24/turn              a - +4 ring of evasion
MPRegen  0.38/turn              G - ring of protection from magic

@: protection aura, berserk cooldown, slowed, very slow
A: negative energy resistance 1, electricity resistance, unbreathing,
petrification resistance, rot immunity, AC +8
a: Heroism, Finesse, Renounce Religion


You were on level 11 of the Dungeon.
You worshipped Okawaru.
Okawaru was extremely pleased with you.
You visited 2 branches of the dungeon, and saw 12 of its levels.
You also visited: Ossuary.

You collected 725 gold pieces.

Inventory:

Hand Weapons
 y - a +2 flail of protection (weapon)
 z - a +2 vampiric trident
Missiles
 l - 84 sling bullets
 n - 239 stones (quivered)
Armour
 c - a +1 kite shield (worn)
 h - a +2 chain mail of poison resistance
 p - a +0 plate armour
 u - a +1 hat (worn)
 x - a +1 cloak of magic resistance (worn)
 D - a +0 pair of gloves (worn)
 L - +0 steam dragon scales
 O - +0 fire dragon scales (worn)
Jewellery
 a - a +4 ring of evasion (left hand)
 e - an amulet of magic regeneration (around neck)
 G - a ring of protection from magic (right hand)
 I - a +6 ring of strength {unknown}
Wands
 b - a wand of iceblast (54)
 C - a wand of random effects (25)
 K - a wand of enslavement (4)
Scrolls
 i - 2 scrolls of enchant armour
 j - 9 scrolls of teleportation {@r3 !r}
 q - 10 scrolls of remove curse {@r2}
 t - 3 scrolls of fog {!r}
 w - 3 scrolls of enchant weapon
 A - a scroll of magic mapping {@r5 !r}
 E - 5 scrolls of blinking {unknown}
 H - 2 scrolls of random uselessness {unknown}
 J - 2 scrolls of identify {@r1}
 M - 2 scrolls of immolation {unknown}
Potions
 d - a potion of might {@q3 !q}
 f - 2 potions of berserk rage
 g - 5 potions of flight
 k - 4 potions of mutation
 m - a potion of cancellation
 o - 3 potions of lignification {@q6}
 r - 3 potions of stabbing {unknown}
 s - 3 potions of curing {@q1 !q}
 v - 2 potions of haste {unknown}
 B - 3 potions of magic {unknown}
 F - a potion of heal wounds {@q2 !q}
 N - a potion of ambrosia {unknown}


   Skills:
 - Level 15.0 Fighting
 * Level 10.8 Maces & Flails
 + Level 7.9 Armour
 + Level 4.0 Dodging
 + Level 7.8 Shields


You had 11 spell levels left.
You didn't know any spells.
Your spell library contained the following spells:

 Spells                   Type           Power        Failure   Level
 Shock                    Conj/Air       #...         94%         1
 Swiftness                Air            #.......     98%         2
 Confusing Touch          Hex            #.......     100%        3
 Gell's Gravitas          Tloc           #.........   100%        3
 Static Discharge         Conj/Air       #.......     100%        3
 Airstrike                Air            #.........   100%        4
 Petrify                  Tmut/Erth      #.......     100%        4
 Lightning Bolt           Conj/Air       #.........   100%        5
 Metabolic Englaciation   Hex/Ice        #.........   100%        5
 Yara's Violent Unravell  Hex/Tmut       #.........   100%        5


Dungeon Overview and Level Annotations

Branches:
Dungeon (11/15)            Temple (1/1) D:7            Lair (0/6) D:10
    Orc (0/2) D:10        Ossuary (visited)

Altars:
Ashenzari
Cheibriados
Dithmenos
Elyvilon
Fedhas
Gozag
Hepliaklqana
Kikubaaqudgha
Makhleb
Nemelex Xobeh
Okawaru
Qazlal
Ru
Sif Muna
Trog
Uskayaw
Vehumet
Wu Jian
Xom
Yredelemnul
Zin
The Shining One
Beogh


Innate Abilities, Weirdness & Mutations

You are resistant to torment.
Your stone body is resilient. (AC +8)
You are immune to poison.
You resist negative energy. (rN+)
You are resistant to electric shocks. (rElec)
You can survive without breathing.
You are immune to petrification.
You are immune to rotting.


Message History

The seven-headed hydra bites you but does no damage. x2
You bludgeon the seven-headed hydra!!
The seven-headed hydra is heavily wounded.
You bludgeon the seven-headed hydra!!
The seven-headed hydra is almost dead.
You block the seven-headed hydra's attack.
The seven-headed hydra closely misses you. x2
The seven-headed hydra bites you but does no damage.
The seven-headed hydra misses you. The seven-headed hydra bites you. x2
You hit the seven-headed hydra.
The seven-headed hydra is almost dead.
The seven-headed hydra barely misses you.
You block the seven-headed hydra's attack. x2
The seven-headed hydra bites you but does no damage. x3
The seven-headed hydra bites you!
You thump the seven-headed hydra!
You kill the seven-headed hydra!
Okawaru is honoured by your kill.
Your Dodging skill increases to level 4!
You closely miss something. You block something's attack.
You miss something. Something hits you but does no damage.
You hit something.
You hear some strange, mumbled words.
A puff of frost appears from out of thin air!
The puff of frost hits you but does no damage.
You miss something. Something hits you but does no damage.
The orc priest mumbles some strange prayers to Beogh against you.
Beogh smites you!
The orc priest mumbles some strange prayers to Beogh against you.
Beogh smites you!
* * * LOW HITPOINT WARNING * * *
You hit something but do no damage. Something hits you but does no damage.
You bludgeon something!! Okawaru accepts your kill.
Reactivating autopickup.
You feel a bit more experienced.
You are no longer berserk.
You are exhausted.
You feel yourself slow down.
The orc priest mumbles some strange prayers to Beogh against you.
Beogh smites you!
* * * LOW HITPOINT WARNING * * *
Really quaff
F - 2 potions of heal wounds {@q2 !q}?
You feel much better. You block the scorpion's attack.
The orc priest looks satisfied for a moment.
You sock the scorpion!
The scorpion is heavily wounded.
You block the scorpion's attack.
The orc priest hits you but does no damage.
The scorpion stings you but does no damage.
You closely miss the scorpion.
The scorpion is moderately wounded.
The orc priest calls down the wrath of Beogh upon you.
Beogh smites you!
* * * LOW HITPOINT WARNING * * *
The scorpion completely misses you.
The orc priest hits you but does no damage.
You hit the scorpion.
The scorpion is heavily wounded.
The scorpion stings you but does no damage.
The orc priest looks braver for a moment.
The scorpion stings you but does no damage.
You sock the scorpion!
You kill the scorpion!
Okawaru accepts your kill. You block the orc priest's attack.
You sock the orc priest!
The orc priest is almost dead.
The orc priest calls upon Beogh to heal the orc priest.
The orc priest is healed somewhat.
You block the orc priest's attack. The orc priest barely misses you.
The orc priest misses you.
You hit the orc priest but do no damage.
The orc priest is heavily wounded.
You block the orc priest's attack.
The orc priest hits you but does no damage.
You hit the orc priest.
The orc priest is almost dead.
You block the orc priest's attack. x2
Your shield and fire dragon scales prevent you from hitting the orc priest.
The orc priest is almost dead.
The orc priest misses you. You block the orc priest's attack.
You sock the orc priest!
You kill the orc priest!
Okawaru accepts your kill.
The orc priest miscasts a cantrip.
The orc priest closely misses you.
You bludgeon the orc priest!!
You kill the orc priest!
Okawaru accepts your kill. You block the orc priest's attack.
The orc priest miscasts a cantrip.
Items here: )))))) [[[[ †††.
You sock the orc priest!
The orc priest is severely wounded.
The orc priest calls down the wrath of Beogh upon you.
Beogh smites you!
* * * LOW HITPOINT WARNING * * *
The orc priest invokes the aid of Beogh against you.
Beogh smites you!
You die...

..........# ..........
..........# .........
....†.....# .........
..........+ .........
..........######........
####'###'###...#........
##...#.....#._o).8......
.....#.....# #o).#
.....#.....#####@..#
.....#..).......####
######..........#
.............#
.............#
........###### ........#
........# .......


You could see an orc priest.

Vanquished Creatures
  Gastronok (D:8)
  A fire dragon (D:10)
  A hydra (D:11)
  3 two-headed ogres
  Pikel (D:4)
  Joseph (D:8)
  Maggie (D:8)
  3 trolls
  A hornet (D:10)
  2 hippogriffs
  4 yaks (D:10)
  A wyvern (D:11)
  A wraith (D:10)
  Grum (D:10)
  2 basilisks (D:10)
  5 porcupines (D:10)
  3 ice beasts
  4 orc warriors
  2 sky beasts
  2 black bears
  2 phantoms
  A necrophage (D:11)
  6 ogres
  3 wolves (D:10)
  4 centaurs
  2 crocodiles (D:10)
  A big kobold (D:10)
  2 elf zombies (Ossuary)
  A gnoll sergeant (D:10)
  2 bullfrogs
  A water moccasin zombie (D:8)
  3 scorpions
  4 killer bees (D:10)
  5 wights (D:9)
  An electric eel (D:10)
  4 howler monkeys
  A bullfrog zombie (D:5)
  2 centaur zombies
  4 hounds
  2 human zombies (Ossuary)
  A jelly (D:6)
  14 orc wizards
  A quasit (D:7)
  A bullfrog skeleton (D:9)
  8 orc priests
  Crazy Yiuf (D:2)
  A centaur skeleton (D:8)
  Terence (D:2)
  2 iguanas
  Ijyb (D:3)
  Natasha (thrice) (D:1)
  5 worker ants
  A killer bee zombie (D:7)
  A big kobold zombie (Ossuary)
  A hound zombie (D:11)
  2 mummies (Ossuary)
  Robin (D:4)
  4 gnolls (D:10)
  14 adders
  3 shadow imps
  A white imp (D:7)
  An ooze (D:5)
  3 adder zombies
  An adder skeleton (D:10)
  A worm (D:2)
  3 dart slugs
  5 leopard geckos
  36 orcs
  16 bats
  4 giant cockroaches
  23 goblins
  12 hobgoblins
  20 jackals
  7 quokkas
  2 ball pythons
  7 frilled lizards
  A goblin zombie (Ossuary)
  15 hobgoblin zombies (Ossuary)
  A jackal zombie (Ossuary)
  18 kobolds
  7 kobold zombies (Ossuary)
  A leopard gecko skeleton (D:7)
  5 orc zombies (Ossuary)
  2 quokka skeletons
  7 rats
356 creatures vanquished.

Vanquished Creatures (others)
  4 bushes (D:10)
  A fungus (D:10)
  27 plants
32 creatures vanquished.

Grand Total: 388 creatures vanquished

Notes
Turn   | Place    | Note
-------+----------+-------------------------------------------
     0 | D:1      | Ozzies the Gargoyle Fighter began the quest for the Orb.
     0 | D:1      | Reached XP level 1. HP: 14/14 MP: 1/1
    65 | D:1      | Reached XP level 2. HP: 15/20 MP: 2/2
   174 | D:1      | Reached skill level 4 in Fighting
   400 | D:1      | Reached XP level 3. HP: 23/24 MP: 3/3
   686 | D:2      | Noticed Terence
   697 | D:2      | Noticed Natasha
   698 | D:2      | Killed Terence
   698 | D:2      | Reached skill level 5 in Fighting
   710 | D:1      | Reached XP level 4. HP: 13/31 MP: 4/4
  1435 | D:1      | Killed Natasha
  1911 | D:1      | Noticed Natasha
  1918 | D:1      | Killed Natasha
  2052 | D:1      | Noticed Natasha
  2072 | D:1      | Killed Natasha
  2072 | D:1      | Reached XP level 5. HP: 13/35 MP: 5/5
  2745 | D:2      | Found a burning altar of Makhleb.
  2921 | D:2      | Found a runed translucent door.
  2922 | D:2      | Noticed Crazy Yiuf
  3111 | D:2      | Paralysed by Crazy Yiuf for 2 turns
  3114 | D:2      | Killed Crazy Yiuf
  3114 | D:2      | Reached XP level 6. HP: 32/41 MP: 6/6
  3242 | D:3      | Noticed Ijyb
  3284 | D:3      | Killed Ijyb
  3552 | D:3      | Found a broken altar of Ashenzari.
  3812 | D:3      | Reached skill level 6 in Fighting
  3860 | D:3      | You fall into a shaft and drop 1 floor!
  3864 | D:4      | Noticed Pikel
  3891 | D:4      | Killed Pikel
  3891 | D:4      | Reached skill level 7 in Fighting
  3891 | D:4      | Reached skill level 5 in Maces & Flails
  3891 | D:4      | Reached skill level 5 in Armour
  3891 | D:4      | Reached XP level 7. HP: 21/48 MP: 7/7
  4316 | D:4      | Reached XP level 8. HP: 54/54 MP: 8/8
  4350 | D:4      | Reached skill level 8 in Fighting
  4426 | D:4      | Found a sacrificial altar of Ru.
  4507 | D:4      | Found a shadowy altar of Dithmenos.
  4582 | D:4      | Noticed Robin
  4631 | D:4      | Killed Robin
  4668 | D:4      | Reached skill level 1 in Dodging
  5634 | D:3      | Reached skill level 14 in Fighting
  5634 | D:3      | Reached XP level 9. HP: 70/70 MP: 9/9
  5685 | D:5      | Entered Level 5 of the Dungeon
  5768 | D:5      | Found a radiant altar of Vehumet.
  6075 | D:5      | Found a hazy altar of Hepliaklqana.
  6075 | D:5      | Found a snail-covered altar of Cheibriados.
  6288 | D:6      | Found an opulent altar of Gozag.
  6319 | D:6      | Found a sand-covered staircase.
  6324 | Ossuary  | Entered an ossuary
  6802 | D:6      | HP: 3/70 [orc priest/divine providence (10)]
  7532 | D:6      | Reached XP level 10. HP: 76/76 MP: 10/10
  8599 | D:6      | Reached skill level 5 in Shields
  9307 | D:7      | Found a sparkling altar of Nemelex Xobeh.
  9678 | D:7      | Found a staircase to the Ecumenical Temple.
  9684 | Temple   | Entered the Ecumenical Temple
  9808 | Temple   | Became a worshipper of Warmaster Okawaru
  9957 | D:8      | Noticed Joseph
  9973 | D:8      | Killed Joseph
 10131 | D:8      | Noticed Maggie
 10522 | D:8      | Killed Maggie
 10522 | D:8      | Reached * piety under Okawaru
 10567 | D:8      | Found a stormy altar of Qazlal.
 10651 | D:8      | Found a shimmering altar of Xom.
 11042 | D:8      | Noticed Gastronok
 11071 | D:8      | Killed Gastronok
 11071 | D:8      | Reached ** piety under Okawaru
 11071 | D:8      | Reached XP level 11. HP: 52/80 MP: 11/11
 11199 | D:8      | Found a white marble altar of Elyvilon.
 11201 | D:8      | Found an ornate altar of the Wu Jian Council.
 11248 | D:9      | Found a shimmering blue altar of Sif Muna.
 11350 | D:9      | Noticed a two-headed ogre
 11951 | D:9      | Killed a two-headed ogre
 12285 | D:9      | Reached *** piety under Okawaru
 12552 | D:9      | Found a sparkling altar of Nemelex Xobeh.
 12788 | D:10     | Entered Level 10 of the Dungeon
 12788 | D:10     | Found a staircase to the Orcish Mines.
 13631 | D:10     | Reached **** piety under Okawaru
 13657 | D:10     | Reached skill level 10 in Maces & Flails
 13664 | D:10     | Reached skill level 15 in Fighting
 13753 | D:10     | Found a staircase to the Lair.
 14128 | D:10     | Noticed Grum
 14148 | D:10     | Killed Grum
 14171 | D:10     | Reached ***** piety under Okawaru
 14213 | D:10     | Noticed a fire dragon
 14518 | D:10     | Killed a fire dragon
 14518 | D:10     | Reached XP level 12. HP: 32/87 MP: 12/12
 15346 | D:11     | Noticed a two-headed ogre
 15349 | D:11     | Noticed a two-headed ogre
 15350 | D:11     | Found a roughly hewn altar of Beogh.
 15354 | D:11     | Noticed a seven-headed hydra
 15358 | D:11     | Killed a two-headed ogre
 15369 | D:11     | Killed a two-headed ogre
 15383 | D:11     | Killed a seven-headed hydra
 15402 | D:11     | Killed from afar by an orc priest

Illustrated notes

Levels and vault maps discovered:
D:1:      giann_wishing_wells, layout_rooms, minivault_19
D:2:      layout_rooms, marbit_many_paths, uniq_crazy_yiuf_cottage,
          uniq_natasha, uniq_terence
D:3:      minmay_razor_zed, layout_basic, cheibrodos_ashenzari_chains,
          minmay_fractal_squares_gapless_5, uniq_ijyb
D:4:      layout_cave_pods, nicolae_ru_great_annihilating_truth,
          grunt_dithmenos_shadows, serial_bayou_ford_a, uniq_robin, uniq_pikel
D:5:      layout_basic, lemuel_crystal_altar, gammafunk_temple_overflow_statue
D:6:      layout_cave_pods, grunt_gozag_breadcrumbs, enter_ossuary_5
D:7:      layout_rooms, kennysheep_mini, minmay_temple_entry_fiery,
          nicolae_lava_and_water, dk_noncrumbling_2
D:8:      layout_rooms, xom_teletrap_fun, gammafunk_temple_overflow_pools,
          grunt_qazlal_clouds, uniq_gastronok, uniq_joseph, uniq_maggie
D:9:      layout_irregular_city, led_sif_book, nemelex_spade_bored_becter
D:10:     dragon1_lemuel, layout_basic, minmay_lair_entry_grove, orc_0_dummy,
          uniq_grum
D:11:     layout_gridville, minmay_holes, serial_bayou_pond_d,
          david_defended_altar_orc, uniq_snorg
Temple:   nicolae_temple_figure_zero

Skill      XL: |  1  2  3  4  5  6  7  8  9 10 11 12 |
---------------+-------------------------------------+-----
Fighting       | 4 5 7 14 15 | 15.0
Armour         | 4 5 7 |  7.9
Maces & Flails | 3 5 7 10 | 10.8
Dodging        | 1 2 3 4 |  4.0
Shields        | 4 6 7 |  7.8

Action                   |  1- 3 |  4- 6 |  7- 9 | 10-12 || total
-------------------------+-------+-------+-------+-------++-------
Melee: Flail             |   108 |   234 |       |    87 ||   429
       Dagger            |       |    71 |   609 |   142 ||   822
       Trident           |       |       |       |   753 ||   753
       Whip              |       |       |       |    84 ||    84
Throw: Stone             |       |       |       |     4 ||     4
  Use: Scroll            |     5 |       |    12 |       ||    17
       Potion            |       |       |     1 |     5 ||     6
Armor: Scale mail        |    96 |    65 |       |       ||   161
       Chain mail        |       |   176 |   362 |    37 ||   575
       Plate armour      |       |       |       |   131 ||   131
       Steam dragon scal |       |       |       |   345 ||   345
       Fire dragon scale |       |       |       |    36 ||    36
Dodge: Dodged            |    54 |    82 |   242 |   736 ||  1114
Block: Kite shield       |    97 |   227 |   387 |   775 ||  1486

Table legend: (Time is in decaauts)
 A = Elapsed time spent in this place.
 B = Non-inter-level travel time spent in this place.
 C = Inter-level travel time spent in this place.
 D = Time resting spent in this place.
 E = Time spent auto-exploring this place.
 F = Levels seen in this place.
 G = Mean time per level.
                   A        B        C        D        E       F      G
               +--------+--------+--------+--------+--------+-----+--------+
         Total |  15888 |  15270 |    618 |   4561 |   6945 |  13 | 1222.2 |
       Dungeon |  15380 |  14788 |    592 |   4561 |   6706 |  11 | 1398.2 |
        Temple |    134 |    108 |     26 |      0 |    107 |   1 |  134.0 |
       Ossuary |    372 |    372 |      0 |      0 |    132 |   1 |  372.0 |
               +--------+--------+--------+--------+--------+-----+--------+

Top non-repeatable levels by time:
    D:10: 2308 daAuts
     D:1: 2296 daAuts
     D:5: 1783 daAuts
     D:8: 1694 daAuts
     D:4: 1332 daAuts
     D:6: 1259 daAuts
     D:3: 1159 daAuts
     D:9: 1155 daAuts
     D:7: 1097 daAuts
     D:2: 1077 daAuts
 Ossuary: 372 daAuts
    D:11: 216 daAuts
  Temple: 134 daAuts
